 Dungeon Crawl Stone Soup version 0.31.0-11-ge490571c62 (webtiles) character file.

Game seed: 7346968252256560277

120 qw the Skirmisher (level 4, -3/25 HPs)
             Began as a Deep Elf Hunter on Feb 4, 2024.
             Incinerated by a bombardier beetle (5 damage)
             ... with a burning spray
             ... on level 3 of the Dungeon.
             The game lasted 00:00:08 (2208 turns).

qw the Skirmisher (Deep Elf Hunter)                 Turns: 2208, Time: 00:00:08

Health: -3/25      AC:  7    Str: 10    XL:     4   Next: 75%
Magic:  6/6        EV: 11    Int: 14    God:
Gold:   160        SH:  0    Dex: 18    Spells: 3/3 levels left

rFire   . . .        a - +0 shortbow
rCold   . . .        (shield currently unavailable)
rNeg    . . .        e - +0 ring mail
rPois   .            h - +1 helmet
rElec   .            (no cloak)
rCorr   .            (no gloves)
SInv    .            (no boots)
Will    .....        (no amulet)
Stlth   +            f - +4 ring of slaying {mikee}
HPRegen 0.24/turn    (no ring)
MPRegen 0.10/turn

%: no passive effects
@: on fire, glowing
A: no striking features
a: no special abilities


You were on level 3 of the Dungeon.
You visited 1 branch of the dungeon, and saw 3 of its levels.

You collected 160 gold pieces.


   Skills:
 - Level 1.5 Fighting
 + Level 8.2 Ranged Weapons
 - Level 2.4 Dodging
 - Level 1.2 Stealth


You had 3 spell levels left.
You didn't know any spells.
Your spell library was empty.

Inventory:

Hand Weapons
 a - a +0 shortbow (weapon)
Armour
 e - a +0 ring mail (worn)
 h - a +1 helmet (worn)
 i - a +0 pair of gloves
Jewellery
 f - a +4 ring of slaying (left hand) {mikee}
Wands
 k - a wand of iceblast (6)
Scrolls
 d - 3 scrolls of immolation {unknown}
 g - a scroll of teleportation {unknown}
 l - 2 scrolls of poison {unknown}
Potions
 b - a potion of invisibility {unknown}
 c - a potion of experience {unknown}
 j - a potion of might {unknown}

Dungeon Overview and Level Annotations

Branches:
Dungeon (3/15)

Altars:


Message History

Things that are here:
a +0 war axe; 3 boomerangs A bombardier beetle comes into view.
You shoot an arrow.
The arrow hits the bombardier beetle but does no damage.
You shoot an arrow. The arrow hits the bombardier beetle!
The bombardier beetle is heavily wounded.
You shoot an arrow.
The arrow closely misses the bombardier beetle.
You shoot an arrow.
The arrow barely misses the bombardier beetle.
You hear a shout!
A kobold comes into view. It is wielding a +0 club.
You shoot an arrow. The arrow hits the kobold.
The kobold is severely wounded.
You shoot an arrow. The arrow barely misses the kobold.
You shoot an arrow. The arrow hits the kobold!
You kill the kobold!
You shoot an arrow.
The arrow barely misses the bombardier beetle.
You shoot an arrow. The arrow hits the bombardier beetle.
The bombardier beetle is severely wounded.
The bombardier beetle sprays incendiary fluid at you.
The burning spray hits you.
You are covered in liquid fire!
You shoot an arrow. The arrow hits the bombardier beetle.
You kill the bombardier beetle!
The liquid fire burns you!
Your Ranged Weapons skill increases to level 8!
You are on fire!
The liquid fire burns you!
You are on fire!
The liquid fire burns you!
You are on fire!
The liquid fire burns you!
You are on fire!
The liquid fire burns you!
You are on fire!
The liquid fire burns you!
You die...

...# ##.######.# .#.###
#.........###
.#...######............
####...........########
.#...######..#.# #
.#.### #..#.# #. ...#
#..#.# . .... ####
####..#.#####.... ...#
.........@....# ##.
####..#.##)...... .
.....#.# %!##.#. ###..
#.# ..# #.. #.. ... #.
### ..## .. ..# ## ...
.. ..


There were no monsters in sight!

Vanquished Creatures
  A bombardier beetle (D:3)
  An adder (D:2)
  3 ribbon worms (D:2)
  2 dart slugs
  7 orcs (D:3)
  7 ball pythons
  5 endoplasms
  3 giant cockroaches
  3 goblins
  4 hobgoblins
  2 jackals (D:1)
  4 quokkas
  8 bats
  2 frilled lizards
  4 kobolds
  3 rats
59 creatures vanquished.

Notes
Turn   | Place    | Note
-------+----------+-------------------------------------------
     0 | D:1      | qw the Deep Elf Hunter began the quest for the Orb.
     0 | D:1      | Reached XP level 1. HP: 12/12 MP: 3/3
     0 | D:1      | 0 ||| qw: Version: 0.3-a-160-g6735b56
     0 | D:1      | 0 ||| qw: Game counter: 4645
     0 | D:1      | 0 ||| qw: Melee chars always use a shield: true
     0 | D:1      | 0 ||| qw: God list: Okawaru
     0 | D:1      | 0 ||| qw: Allow faded altars: false
     0 | D:1      | 0 ||| qw: Do Orc after clearing Dungeon:15 true
     0 | D:1      | 0 ||| qw: Do second Lair branch before Depths: true
     0 | D:1      | 0 ||| qw: Lair rune preference: random
     0 | D:1      | 0 ||| qw: Goals: Normal
     0 | D:1      | 0 ||| PLANNING D:1-11
   122 | D:1      | Reached XP level 2. HP: 16/16 MP: 4/4
   128 | D:1      | Reached skill level 6 in Ranged Weapons
   177 | D:1      | 177 ||| UPGRADING to +0 ring mail.
   190 | D:1      | 190 ||| DROPPING +0 leather armour.
   491 | D:1      | 491 ||| DROPPING amulet of magic regeneration.
   492 | D:1      | 492 ||| READING 4 scrolls labelled QEOCKI NOEVO.
   493 | D:1      | 493 ||| READING scroll labelled YCSOKH VEPLIO.
   494 | D:1      | 494 ||| READING scroll labelled HUIL TIORGHURI.
   495 | D:1      | 495 ||| DROPPING scroll of butterflies.
   496 | D:1      | 496 ||| DROPPING 3 scrolls of noise.
   583 | D:2      | Reached XP level 3. HP: 10/20 MP: 5/5
  1154 | D:2      | Reached skill level 7 in Ranged Weapons
  1265 | D:2      | Found a faded altar of an unknown god.
  1796 | D:2      | 1796 ||| UPGRADING to +0 helmet.
  1801 | D:2      | 1801 ||| UPGRADING to +4 ring of slaying {mikee}.
  1802 | D:2      | 1802 ||| DROPPING ring of wizardry.
  1803 | D:2      | 1803 ||| READING scroll labelled SIDGHOXZ OZUF.
  1803 | D:2      | 1803 ||| ENCHANTING +0 helmet.
  1804 | D:2      | 1804 ||| READING scroll labelled JAOT XOKAFANTEFAM.
  1805 | D:2      | 1805 ||| DRINKING 2 viscous brown potions.
  1806 | D:2      | 1806 ||| DROPPING potion of brilliance.
  1820 | D:3      | Reached XP level 4. HP: 25/25 MP: 6/6
  2204 | D:3      | Reached skill level 8 in Ranged Weapons
  2207 | D:3      | HP: 2/25 [burnt (5)]
  2208 | D:3      | Incinerated by a bombardier beetle

Levels and vault maps discovered:
D:1:      lemuel_arrival_rhombus, layout_basic,
          nicolae_concentric_dashed_squares_wild
D:2:      layout_basic, shapermc_ecumenical_altar_gd
D:3:      cheibrodos_old_hovel, layout_loops_ring, mainiacjoe_overflow_boulevard

Skill      XL: |  1  2  3  4 |
---------------+-------------+-----
Ranged Weapons | 6 7 8 |  8.2
Fighting       | |  1.5
Dodging        | |  2.4
Stealth        | |  1.2

Action                     |  1- 3 |  4- 6 || total
---------------------------+-------+-------++-------
   Fire: Shortbow          |   160 |    32 ||   192
    Use: Scroll            |     5 |       ||     5
         Potion            |     1 |       ||     1
 Armour: Ring mail         |    42 |       ||    42
  Dodge: Dodged            |    52 |     1 ||    53

Table legend:
 A = Non-vault XP
 B = Vault XP
 C = Vault XP percentage of total XP
 D = Non-vault monster count
 E = Vault monster count
 F = Vault count percentage of total count
                 A         B        C        D         E       F
            +---------+---------+-------+---------+---------+-------
      Total |     170 |       2 |   1.2 |      58 |       1 |   1.7
            +---------+---------+-------+---------+---------+-------
        D:1 |      35 |       0 |   0.0 |      20 |       0 |   0.0
        D:2 |      58 |       0 |   0.0 |      23 |       0 |   0.0
        D:3 |      77 |       2 |   2.5 |      15 |       1 |   6.2
            +---------+---------+-------+---------+---------+-------
